 Dungeon Crawl Stone Soup version 0.23.2-40-g277498a001 (webtiles) character file.

Game seed: 17395267806947388867

146 FishyPogo the Skirmisher (level 5, 0/72 HPs)
             Began as a Draconian Wanderer on Aug 12, 2019.
             Was a Follower of the Shining One.
             Slain by a river rat (4 damage)
             ... in a sewer on Aug 13, 2019.
             The game lasted 00:12:56 (2392 turns).

FishyPogo the Skirmisher (Draconian Wanderer)       Turns: 2392, Time: 00:12:58

Health: 0/72       AC: 22    Str: 16    XL:     5   Next: 7%
Magic:  5/5        EV:  2    Int: 13    God:    the Shining One [*.....]
Gold:   133        SH:  0    Dex:  9    Spells: 4/4 levels left

rFire    . . .     SeeInvis .   b - +0 mace
rCold    . . .     Gourm    .   (no shield)
rNeg     + + +     Faith    .   (armour unavailable)
rPois    +         Spirit   .   (helmet currently unavailable)
rElec    .         Reflect  .   (cloak currently unavailable)
rCorr    .         Harm     .   (gloves currently unavailable)
MR       .....     NoTele   +   (boots currently unavailable)
Stlth    +.........             (no amulet)
HPRegen  0.22/turn              r - ring of teleportation (curse)
MPRegen  0.09/turn              (no ring)

@: tree-form, glowing
A: unfitting armour, AC +5
a: Renounce Religion


You were in a sewer.
You worshipped the Shining One.
The Shining One was aware of your devotion.
You were not hungry.
You were a tree.
You visited 1 branch of the dungeon, and saw 3 of its levels.
You also visited: Sewer.

You collected 133 gold pieces.

Inventory:

Hand Weapons
 a - a +2 hand crossbow
 b - a +0 mace (weapon)
 o - a +0 hunting sling
Missiles
 c - 43 bolts
 g - 28 arrows
 h - 64 stones (quivered)
Armour
 m - a +0 shield
 n - a +0 pair of gloves (melded)
Jewellery
 r - a cursed ring of teleportation (left branch)
Scrolls
 d - a scroll of teleportation
 j - 3 scrolls of enchant weapon {unknown}
 k - 5 scrolls of identify {unknown}
 s - a scroll of remove curse {unknown}
Potions
 i - a potion of ambrosia {unknown}
 l - a potion of berserk rage {unknown}
 q - a potion of curing {unknown}
Comestibles
 f - 8 rations
 p - 7 chunks of flesh


   Skills:
 + Level 5.0 Fighting
   Level 1.0 Staves
 + Level 3.3 Crossbows
 - Level 1.1 Throwing
 * Level 2.6 Dodging
 - Level 1.0 Stealth
 + Level 1.6 Shields


You had 4 spell levels left.
You didn't know any spells.
Your spell library was empty.

Dungeon Overview and Level Annotations

Branches:
Dungeon (3/15)

Altars:
Cheibriados
Makhleb
Sif Muna
The Shining One


Innate Abilities, Weirdness & Mutations

((Your plain brown scales are hard. (AC +5)))
You cannot fit into any form of body armour.
((You are cold-blooded and may be slowed by cold attacks.))


Message History

The river rat bites you but does no damage.
You hit the river rat.
The river rat is severely wounded.
The rat bites you but does no damage.
The river rat bites you but does no damage. x2
You hit the river rat but do no damage.
The river rat is severely wounded.
The river rat bites you but does no damage. x2
You barely miss the river rat.
The river rat is severely wounded.
The river rat bites you but does no damage.
The river rat barely misses you.
You hit the river rat.
The river rat is almost dead.
The river rat bites you but does no damage.
The river rat bites you.
* * * LOW HITPOINT WARNING * * *
The river rat bites you but does no damage.
The river rat bites you.
You die...

##### ##### ##†.∩# ##### ####
#∩..#####r♣######...## ####
...######...##Sr#####......###..#
.....#####....rrr##..............
.......##.....rrr...÷............
.....÷..÷........................
.................................
≈≈........................≈≈≈≈≈≈≈
≈≈≈≈≈≈≈≈≈≈≈≈....rr.....≈≈≈≈≈≈≈≈≈≈
≈≈≈≈≈≈≈≈≈≈≈≈≈.......≈≈≈≈≈≈≈≈≈≈≈≈≈


You could see an adder, 2 river rats and 4 rats.

Vanquished Creatures
  A hound (D:2)
  4 river rats (Sewer)
  An ooze (D:2)
  A worm (D:2)
  3 leopard geckos
  3 giant cockroaches (D:3)
  9 goblins
  3 hobgoblins
  7 jackals (D:1)
  2 ball pythons (Sewer)
  6 bats
  5 frilled lizards
  11 kobolds
  11 rats
67 creatures vanquished.

Notes
Turn   | Place    | Note
-------+----------+-------------------------------------------
     0 | D:1      | FishyPogo the Draconian Wanderer began the quest for the
                  | Orb.
     0 | D:1      | FishyPogo set off with the following items: a +2 hand
                  | crossbow, 24 bolts, a +0 mace, a scroll of teleportation, a
                  | ration
     0 | D:1      | Reached XP level 1. HP: 22/22 MP: 1/1
    43 | D:1      | Found a glowing golden altar of the Shining One.
    50 | D:1      | Became a worshipper of the Shining One
   406 | D:1      | Reached XP level 2. HP: 26/28 MP: 2/2
   412 | D:1      | Reached skill level 1 in Dodging
  1146 | D:2      | Found a burning altar of Makhleb.
  1156 | D:2      | Reached skill level 1 in Shields
  1156 | D:2      | Reached XP level 3. HP: 12/34 MP: 3/3
  1461 | D:2      | Found a deep blue altar of Sif Muna.
  1493 | D:2      | Reached XP level 4. HP: 39/41 MP: 4/4
  1844 | D:2      | Found a snail-covered altar of Cheibriados.
  1854 | D:2      | Found a burning altar of Makhleb.
  2226 | D:3      | Found a glowing drain.
  2235 | Sewer    | Entered a sewer
  2327 | Sewer    | Reached skill level 5 in Fighting
  2348 | Sewer    | Reached * piety under the Shining One
  2378 | Sewer    | Reached XP level 5. HP: 14/48 MP: 5/5
  2392 | Sewer    | Slain by a river rat

Skill      XL: |  1  2  3  4 |
---------------+-------------+-----
Dodging        | 1 2 |  2.6
Crossbows      | 3 |  3.3
Shields        | 1 |  1.6
Fighting       | 5 |  5.0
Staves         | |  1.0
Throwing       | |  1.1
Stealth        | |  1.0

Action                   |  1- 3 |  4- 6 || total
-------------------------+-------+-------++-------
Melee: Mace              |    61 |   105 ||   166
       Tailslap          |     6 |     5 ||    11
 Fire: Hand crossbow     |    20 |     8 ||    28
  Use: Scroll            |       |     1 ||     1
       Potion            |       |     1 ||     1
  Eat: Chunk             |     2 |     3 ||     5
Armor: Skin              |    26 |   103 ||   129
Dodge: Dodged            |    45 |   100 ||   145
